 Dungeon Crawl Stone Soup version 0.20-a0-1122-gb7cbeb9 (webtiles) character file.

347 Kriby the Stinger (level 6, 0/36 HPs)
             Began as an Octopode Wizard on May 14, 2017.
             Slain by an orc wizard
             ... wielding a +1 dagger of electrocution
              (20 damage)
             ... on level 4 of the Dungeon.
             The game lasted 00:15:29 (5870 turns).

Kriby the Stinger (Octopode Wizard)                 Turns: 5870, Time: 00:15:30

Health: 0/36       AC:  3    Str:  6    XL:     6   Next: 59%
Magic:  1/10       EV: 13    Int: 23    God:
Gold:   209        SH:  0    Dex: 10    Spells: 0/11 levels left

rFire    . . .     SeeInvis .   t - +0 quarterstaff
rCold    . . .     Gourm    .   (shield currently unavailable)
rNeg     . . .     Faith    .   k - +2 hat
rPois    .         Spirit   .   (no amulet)
rElec    .         Reflect  .   o - ring of protection from magic
rCorr    .         Harm     .   (no ring)
MR       +....                  (no ring)
Stlth    +++.......             (no ring)
Regen    0.2/turn               (no ring)
MPRegen  0.2/turn               (no ring)
                                (no ring)
                                (no ring)

@: very slightly contaminated
A: almost no armour, stealthy swim, amphibious, 8 rings, constrict 8, camouflage
1, gelatinous body 1
a: no special abilities


You were on level 4 of the Dungeon.
You were very hungry.

You visited 1 branch of the dungeon, and saw 4 of its levels.

You collected 209 gold pieces.

Inventory:

Hand Weapons
 t - a +0 quarterstaff (weapon)
Armour
 k - a +2 hat (worn)
Jewellery
 o - a ring of protection from magic (left tentacle)
Scrolls
 d - 5 scrolls of identify {unknown}
 e - 2 scrolls of teleportation {unknown}
 g - 4 scrolls of remove curse {unknown}
 h - a scroll of recharging {unknown}
 q - a scroll of fog {unknown}
 s - a scroll of amnesia {unknown}
Potions
 a - a potion of mutation {unknown}
 i - a potion of curing {unknown}
 j - 2 potions of resistance
 m - a potion of brilliance {unknown}
 p - 2 potions of flight {unknown}
 r - a potion of lignification {unknown}
Books
 b - a book of Minor Magic

   Spells                             Type                      Level
   a - Magic Dart                     Conjuration                  1
   b - Blink                          Translocation                2
   c - Call Imp                       Summoning                    2
   d - Slow                           Hexes                        2
   e - Conjure Flame                  Conjuration/Fire             3
   f - Mephitic Cloud                 Conjuration/Poison/Air       3
Comestibles
 c - 4 bread rations
 f - 3 meat rations


   Skills:
 - Level 2.3 Dodging
 - Level 3.1 Stealth
 * Level 3.2 Spellcasting
 + Level 3.9 Conjurations
 - Level 1.0 Summonings
 - Level 1.0 Translocations
 - Level 5.3 Poison Magic


You couldn't memorise any spells.
You knew the following spells:

 Your Spells              Type           Power        Failure   Level  Hunger
a - Magic Dart            Conj           ###.         2%          1    None
b - Conjure Flame         Conj/Fire      ##......     16%         3    ###....
c - Call Imp              Summ           #.......     12%         2    ##.....
g - Mephitic Cloud        Conj/Pois/Air  ###.....     10%         3    ###....
T - Blink                 Tloc           N/A          12%         2    ##.....


Dungeon Overview and Level Annotations

Branches:
Dungeon (4/15)
 Temple: D:4-7

Altars:
Okawaru
Trog
Zin

Annotations:
D:3 Zigma's ghost, amateur DrMo


Innate Abilities, Weirdness & Mutations

You cannot wear most types of armour.
You are very stealthy in the water. (Stealth+)
You are amphibious.
You can wear up to eight rings at the same time.
You can use your tentacles to constrict eight enemies at once.
Your skin changes colour to match your surroundings (Stealth+).
Your rubbery body absorbs attacks. (AC +1, EV +1)


Message History

The magic dart hits the orc priest.
The orc priest is heavily wounded.
Casting: Magic Dart
Confirm with . or Enter, or press ? or * to list all spells.
You don't have enough magic to cast that spell.
Casting: Magic Dart
Confirm with . or Enter, or press ? or * to list all spells.
You don't have enough magic to cast that spell.
The orc wizard hits you with a dagger of electrocution.
You are electrocuted!
You hit the orc wizard. Your grab misses the orc wizard.
The orc wizard is heavily wounded.
The orc wizard closely misses you.
You hit the orc wizard but do no damage.
Your grab misses the orc wizard. Your squeeze misses the orc wizard.
The orc wizard is heavily wounded.
The orc wizard hits you with a dagger of electrocution.
You are electrocuted!
Ouch! That really hurt!
You die...

########### #..........
#.........# . .. #####.........#
..... #####.............#
.....##.@...###..........
.........o#######..........
.............##[.<.........
...........#.......#######.
#.#..............#########.
................>...o............
.. ...........S....##..).#####...
...................##....####...#
..................###.##...##.###


You could see an orc wizard and an adder (wandering).

Vanquished Creatures
  A hound (D:3)
  An iguana (D:3)
  Natasha (thrice) (D:2)
  A worker ant (D:4)
  2 adders (D:2)
  2 dart slugs
  8 orcs
  3 giant cockroaches (D:3)
  4 goblins
  8 hobgoblins
  8 jackals
  5 quokkas
  11 bats
  2 frilled lizards
  8 kobolds
  8 rats
75 creatures vanquished.

Vanquished Creatures (collateral kills)
  Menkaure (D:4)
  Jessica (D:2)
  An adder (D:2)
  An orc (D:4)
  A giant cockroach (D:2)
  A jackal (D:2)
6 creatures vanquished.

Grand Total: 81 creatures vanquished

Notes
Turn   | Place    | Note
-------+----------+-------------------------------------------
     0 | D:1      | Kriby the Octopode Wizard began the quest for the Orb.
     0 | D:1      | Reached XP level 1. HP: 11/11 MP: 4/4
   306 | D:1      | Reached XP level 2. HP: 1/17 MP: 0/6
  1637 | D:2      | Reached XP level 3. HP: 21/21 MP: 0/7
  1704 | D:2      | Learned a level 2 spell: Blink
  1708 | D:2      | Learned a level 3 spell: Mephitic Cloud
  1992 | D:2      | Noticed Natasha
  1994 | D:2      | Killed Natasha
  1994 | D:2      | Reached skill level 1 in Poison Magic
  1994 | D:2      | Reached XP level 4. HP: 10/27 MP: 5/8
  1998 | D:2      | Reached skill level 2 in Poison Magic
  2375 | D:2      | Found a bloodstained altar of Trog.
  2418 | D:2      | Noticed Jessica
  2467 | D:1      | Learned a level 2 spell: Call Imp
  2674 | D:2      | Killed Jessica
  2681 | D:2      | Noticed Natasha
  2687 | D:2      | Killed Natasha
  2687 | D:2      | Reached skill level 3 in Poison Magic
  2687 | D:2      | Reached XP level 5. HP: 28/31 MP: 2/9
  2918 | D:2      | Noticed Natasha
  2929 | D:2      | Killed Natasha
  3349 | D:3      | Found a glowing silver altar of Zin.
  3613 | D:3      | Found an iron altar of Okawaru.
  3934 | D:3      | Reached skill level 4 in Poison Magic
  4170 | D:3      | Noticed Zigma's ghost (amateur DrMo)
  4694 | D:4      | Reached XP level 6. HP: 24/36 MP: 0/10
  4928 | D:3      | Learned a level 3 spell: Conjure Flame
  5044 | D:4      | Noticed Menkaure
  5057 | D:4      | Killed Menkaure
  5057 | D:4      | Reached skill level 5 in Poison Magic
  5870 | D:4      | Slain by an orc wizard

Vault maps used:
D:1:      sevenhm_arrival_forest_fort_large_2
D:2:      bloody_trog, uniq_jessica, uniq_natasha
D:3:      zin_academy, overflow_temple_1_default, first_bread, minmay_distorted
D:4:      grunt_gozag_statues, uniq_menkaure

Skill      XL: |  1  2  3  4  5  6 |
---------------+-------------------+-----
Stealth        | 3 |  3.1
Conjurations   | 2 3 |  3.9
Poison Magic   | 1 3 4 5 |  5.3
Dodging        | |  2.3
Spellcasting   | |  3.2
Summonings     | |  1.0
Translocations | |  1.0

Action                   |  1- 3 |  4- 6 || total
-------------------------+-------+-------++-------
Melee: Unarmed           |    17 |    32 ||    49
       Constrict         |     6 |     9 ||    15
       Tentacles         |     4 |     7 ||    11
       Quarterstaff      |       |     6 ||     6
 Cast: Magic Dart        |    77 |   129 ||   206
       Call Imp          |       |    22 ||    22
       Mephitic Cloud    |       |     9 ||     9
       Blink             |       |     2 ||     2
       Conjure Flame     |       |     1 ||     1
  Use: Potion            |       |     1 ||     1
  Eat: Chunk             |     3 |     8 ||    11
       Fruit             |       |     3 ||     3
       Royal jelly       |       |     1 ||     1
Armor: Skin              |     6 |     6 ||    12
Dodge: Dodged            |    43 |    48 ||    91
